 Dungeon Crawl Stone Soup version 0.18.1-6-gd335043 (webtiles) character file.

38245 mopl the Severer (level 14, -14/125 HPs)
             Began as a Hill Orc Fighter on May 17, 2016.
             Was the Champion of the Shining One.
             Killed from afar by a deep elf knight (35 damage)
             ... with a stone arrow
             ... on level 14 of the Dungeon.
             The game lasted 00:36:49 (14627 turns).

mopl the Severer (Hill Orc Fighter)                Turns: 14627, Time: 00:36:50

Health: -14/125    AC: 23    Str: 27    XL:     14   Next: 1%
Magic:  20/20      EV: 14    Int: 10    God:    the Shining One [******]
Gold:   891        SH:  0    Dex: 22    Spells: 3 memorised, 6 levels left

rFire  . . .     SeeInvis .     a - +0 battleaxe (freeze)
rCold  . . .     Gourm    +     L - +0 plate armour
rNeg   + + +     Faith    .     (shield currently unavailable)
rPois  .         Spirit   .     W - +1 helmet
rElec  +         Dismiss  .     x - +1 cloak
rCorr  .         Reflect  .     m - +0 pair of gloves
SustAt .         Harm     .     F - +0 pair of boots
MR     +....                    Q - amulet of the gourmand
Stlth  ..........               Z - ring "Tedua" {Str+2 Dex+4}
                                B - ring of Jawox {rElec Str+5 Int+2 Dex+4, =R}

@: glowing, somewhat resistant to hostile enchantments, extremely unstealthy
A: no striking features
a: Divine Shield, Cleansing Flame, Summon Divine Warrior, Brand Weapon With Holy
Wrath, Renounce Religion


You were on level 14 of the Dungeon.
You worshipped the Shining One.
The Shining One was exalted by your worship.
You were very full.

You visited 2 branches of the dungeon, and saw 15 of its levels.
You also visited: Labyrinth and Ossuary.

You collected 933 gold pieces.
You spent 42 gold pieces at shops.

Inventory:

Hand Weapons
 a - a +0 battleaxe of freezing (weapon)
Missiles
 c - a throwing net
 p - 6 javelins
 v - 9 tomahawks (quivered)
Armour
 m - a +0 pair of gloves (worn)
 x - a +1 cloak (worn)
 F - a +0 pair of boots (worn)
 L - a +0 plate armour (worn)
 W - a +1 helmet (worn)
Jewellery
 u - an uncursed ring of resist corrosion
 A - an uncursed amulet of rage
 B - the ring of Jawox (left hand) {rElec Str+5 Int+2 Dex+4, =R}
   (You took it off a minotaur in a labyrinth)

   [ring of dexterity]

   It affects your strength (+5).
   It affects your intelligence (+2).
   It affects your dexterity (+4).
   It insulates you from electricity.
 Q - an amulet of the gourmand (around neck)
 S - an uncursed ring of flight
 Z - the ring "Tedua" (right hand) {Str+2 Dex+4}
   (You found it in a labyrinth)

   [ring of strength]

   It affects your strength (+2).
   It affects your dexterity (+4).
Wands
 b - a wand of paralysis (11/24)
 g - a wand of iceblast (0/15)
 y - a wand of acid (9/15)
 K - a wand of disintegration (10/24)
 O - a wand of acid (4/15)
 P - a wand of iceblast (6/15)
 Y - a wand of digging (18/24)
Scrolls
 h - a scroll of immolation {!r}
 k - 8 scrolls of remove curse
 o - 2 scrolls of blinking {unknown}
 r - 3 scrolls of enchant weapon {unknown}
 s - 7 scrolls of teleportation
 t - 3 scrolls of fog {unknown}
 w - 5 scrolls of enchant armour {unknown}
 C - 6 scrolls of magic mapping {unknown}
 E - a scroll of amnesia {unknown}
 M - a scroll of recharging {unknown}
 R - 2 scrolls of fear {unknown}
Potions
 d - a potion of might
 e - 2 potions of invisibility {unknown}
 i - 5 potions of lignification {!q}
 j - 11 potions of curing
 l - 3 potions of heal wounds
 n - a potion of ambrosia
 z - 2 potions of agility
 G - 2 potions of cancellation
 H - 3 potions of flight
 I - 2 potions of magic {unknown}
 N - a potion of brilliance
 T - 3 potions of cure mutation {!q}
 U - a potion of haste
 X - a potion of resistance
Miscellaneous
 q - a box of beasts {used: 1}
Comestibles
 f - 16 bread rations
 D - a meat ration
 J - a royal jelly
 V - 3 fruits


   Skills:
 + Level 11.9 Fighting
 * Level 18.9 Axes
 + Level 11.1 Armour
 + Level 8.0 Dodging
   Level 3.2 Shields
 + Level 8.8 Invocations


You had 6 spell levels left.
You knew the following spells:

 Your Spells              Type           Power        Failure   Level  Hunger
a - Spectral Weapon       Hex/Chrm       #.......     100%        3    ####...
i - Repel Missiles        Chrm/Air       #.....       100%        2    ###....
n - Swiftness             Chrm/Air       #.......     100%        2    ###....


Dungeon Overview and Level Annotations

Branches:
Dungeon (14/15)            Temple (1/1) D:4            Lair (0/8) D:8
    Orc (0/2) D:12
 Vaults: D:13-14

Altars:
Ashenzari
Cheibriados
Dithmenos
Elyvilon
Fedhas
Gozag
Kikubaaqudgha
Makhleb
Okawaru
Qazlal
Sif Muna
Trog
Vehumet
Xom
Yredelemnul
The Shining One

Shops:
D:5 (   D:6 }   D:12 }   D:14 [:!

Annotations:
D:8 exclusion: downstairs
D:12 books, exclusion: downstairs


Message History

The deep elf mage is heavily wounded.
The deep elf knight mumbles some strange words.
The deep elf knight seems to speed up.
The yaktaur hits you but does no damage.
You slice the deep elf mage!! You freeze the deep elf mage!
You kill the deep elf mage!
You have reached level 14!
You slash the yaktaur! You freeze the yaktaur.
You kill the yaktaur!
Items here: $ ( )) [[ † The deep elf mage gestures at you while chanting.
The shard of ice hits you!
The deep elf mage gestures at you while chanting.
The shard of ice hits you!
The deep elf knight gestures at you while chanting.
The stone arrow hits you!
* * * LOW HITPOINT WARNING * * *
The deep elf knight points at you and mumbles some strange words.
The stone arrow hits you!
You die...

.............. ............(.####
......######## #############.#
......# #.# ......# #.#
......######################.#
.............................####
........................(........
...............>...........######
................@...e.e....#
.../............#######..###
................# #..#
................# #)(#
................# #e)#
................# #e)#
................# .....
................## #.#..#.
............................


You could see a deep elf knight and a deep elf mage.

Vanquished Creatures
  Kirke (D:13)
  A fire giant (D:13)
  Nessos (D:13)
  A minotaur (Lab)
  Harold (D:12)
  2 hydras (D:13)
  5 centaur warriors
  A deep elf knight (D:13)
  A skeletal warrior (D:14)
  An unseen horror (D:8)
  2 hill giants
  An orc knight (D:14)
  Pikel (D:3)
  6 ugly things
  2 deep elf magi
  Maurice (D:10)
  4 cyclopes (D:13)
  2 gargoyles
  3 yaktaurs (D:14)
  A tengu conjurer (D:13)
  3 trolls
  A two-headed ogre (D:13)
  A minotaur skeleton (Lab)
  6 slime creatures (D:12)
  A wraith (D:13)
  Sigmund (D:6)
  3 wyverns
  2 shadows
  14 yaks
  A vampire (D:10)
  2 basilisks (Lab)
  A golden eye (shapeshifter) (D:13)
  A hog (D:13)
  A steam dragon (D:13)
  2 hippogriffs
  12 hungry ghosts
  2 vampire mosquitoes (D:13)
  3 mottled dragons
  A soldier ant (D:13)
  2 hell hounds (D:8)
  Duvessa (D:4)
  2 sky beasts
  5 ice beasts
  4 orc warriors
  2 black bears
  A necrophage (D:12)
  9 ogres
  6 centaurs
  5 phantoms
  A centaur (shapeshifter) (D:14)
  2 big kobolds
  4 giant frogs
  A wyvern zombie (Ossuary)
  2 water moccasin zombies (Ossuary)
  Dowan (D:4)
  5 scorpions
  A wyvern skeleton (D:10)
  A troll zombie (D:12)
  17 killer bees
  4 wights (D:10)
  2 howler monkeys
  A crimson imp (D:10)
  10 centaur zombies
  A bog body (Ossuary)
  3 giant frog zombies
  5 jellies
  2 centaur skeletons
  8 orc priests
  3 hounds
  10 orc wizards
  2 giant frog skeletons
  4 iguanas
  8 worker ants
  7 ogre zombies (D:12)
  A hound skeleton (D:8)
  8 hound zombies (Ossuary)
  8 mummies
  A howler monkey zombie (Ossuary)
  A worker ant zombie (Ossuary)
  Robin (D:3)
  13 adders
  11 gnolls
  7 shadow imps
  6 oozes
  4 adder zombies (Ossuary)
  2 adder skeletons (D:5)
  5 worms
  A dart slug (D:3)
  5 giant geckos
  45 orcs
  10 giant cockroaches
  12 goblins
  9 hobgoblins
  6 jackals (D:7)
  5 quokkas
  6 bats
  3 giant gecko zombies
  A giant newt (D:1)
  A goblin skeleton (D:12)
  4 goblin zombies (D:12)
  2 hobgoblin skeletons (D:12)
  3 hobgoblin zombies
  A jackal zombie (Ossuary)
  13 kobolds
  A kobold zombie (D:6)
  2 orc skeletons (D:12)
  14 orc zombies (D:12)
  A quokka skeleton (D:6)
  12 rats
463 creatures vanquished.

Vanquished Creatures (collateral kills)
  A hydra (D:12)
  A wraith (D:12)
  An ogre (D:12)
  A shadow imp (D:12)
4 creatures vanquished.

Vanquished Creatures (others)
  4 humans (D:13)
  A scorpion (D:8)
  An adder (D:4)
  A worm (D:4)
  2 withered plants (Ossuary)
9 creatures vanquished.

Grand Total: 476 creatures vanquished

Notes
Turn   | Place    | Note
--------------------------------------------------------------
     0 | D:1      | mopl the Hill Orc Fighter began the quest for the Orb.
     0 | D:1      | Reached XP level 1. HP: 19/19 MP: 1/1
   137 | D:1      | Reached skill level 3 in Axes
   202 | D:1      | Reached XP level 2. HP: 21/26 MP: 2/2
   552 | D:1      | Reached skill level 4 in Axes
   648 | D:2      | Reached XP level 3. HP: 31/31 MP: 3/3
   834 | D:2      | Reached skill level 5 in Axes
  1104 | D:2      | Found a blossoming altar of Fedhas.
  1266 | D:3      | Found a bloodstained altar of Trog.
  1268 | D:3      | Found a shadowy altar of Dithmenos.
  1269 | D:3      | Found an iron altar of Okawaru.
  1269 | D:3      | Found a deep blue altar of Sif Muna.
  1270 | D:3      | Found an ancient bone altar of Kikubaaqudgha.
  1270 | D:3      | Found a blossoming altar of Fedhas.
  1276 | D:3      | Reached XP level 4. HP: 39/39 MP: 4/4
  1282 | D:3      | Reached skill level 6 in Axes
  1307 | D:3      | Became a worshipper of Sif Muna the Loreminder
  1308 | D:3      | Fell from the grace of Sif Muna
  1731 | D:3      | Noticed Robin
  1740 | D:3      | Killed Robin
  1740 | D:3      | Reached XP level 5. HP: 37/45 MP: 5/5
  1960 | D:3      | Reached skill level 7 in Axes
  2351 | D:3      | Reached skill level 8 in Axes
  2478 | D:3      | Reached XP level 6. HP: 51/51 MP: 6/6
  2488 | D:4      | Noticed Pikel
  2488 | D:4      | Noticed a slave
  2488 | D:4      | Noticed a slave
  2488 | D:4      | Noticed a slave
  2488 | D:4      | Noticed a slave
  2509 | D:3      | Killed Pikel
  2509 | D:3      | Reached skill level 10 in Axes
  2509 | D:3      | Reached XP level 7. HP: 41/57 MP: 7/7
  2619 | D:4      | Noticed Dowan
  2620 | D:4      | Noticed Duvessa
  2630 | D:4      | Killed Duvessa
  2630 | D:4      | Reached skill level 4 in Fighting
  2635 | D:4      | Killed Dowan
  2635 | D:4      | Reached skill level 1 in Dodging
  2635 | D:4      | Reached XP level 8. HP: 63/66 MP: 8/8
  2756 | D:4      | Found a staircase to the Ecumenical Temple.
  2766 | Temple   | Entered the Ecumenical Temple
  2822 | Temple   | Became a worshipper of the Shining One
  2875 | D:4      | Reached skill level 11 in Axes
  3082 | D:4      | Reached skill level 4 in Armour
  3369 | D:5      | Entered Level 5 of the Dungeon
  3388 | D:5      | Lost intelligence.
  3455 | D:5      | Found Geus's Weapon Shoppe.
  3685 | D:5      | Reached skill level 5 in Fighting
  3685 | D:5      | Reached skill level 2 in Dodging
  3838 | D:5      | Reached skill level 5 in Armour
  4039 | D:6      | Found Kodasuwe's Gadget Emporium.
  4057 | D:6      | Reached skill level 12 in Axes
  4057 | D:6      | Reached XP level 9. HP: 58/74 MP: 9/9
  4123 | D:6      | Reached * piety under the Shining One
  4132 | D:6      | Found a sand-covered staircase.
  4142 | Ossuary  | Entered an ossuary
  4285 | Ossuary  | Reached ** piety under the Shining One
  4426 | Ossuary  | Reached skill level 6 in Fighting
  4430 | Ossuary  | Reached *** piety under the Shining One
  4713 | D:6      | Noticed Sigmund
  4720 | D:6      | Killed Sigmund
  4720 | D:6      | Reached skill level 6 in Armour
  4720 | D:6      | Reached skill level 3 in Dodging
  5030 | D:7      | Found a stormy altar of Qazlal.
  5032 | D:7      | Found a burning altar of Makhleb.
  5248 | D:7      | Reached skill level 13 in Axes
  5543 | D:7      | Found a glowing golden altar of the Shining One.
  5614 | D:7      | Reached skill level 7 in Fighting
  5663 | D:7      | Found a snail-covered altar of Cheibriados.
  5731 | D:7      | Reached **** piety under the Shining One
  5761 | D:7      | Reached XP level 10. HP: 86/86 MP: 10/10
  5976 | D:8      | Reached skill level 7 in Armour
  6009 | D:7      | Learned a level 3 spell: Spectral Weapon
  6244 | D:8      | Was forgiven by Sif Muna
  6364 | D:8      | Found a staircase to the Lair.
  6379 | D:8      | Reached skill level 4 in Dodging
  6384 | D:8      | Reached skill level 14 in Axes
  6479 | D:8      | Noticed an unseen horror
  6494 | D:8      | Killed an unseen horror
  6626 | D:9      | Found an opulent altar of Gozag.
  6654 | D:9      | Reached skill level 8 in Fighting
  7171 | D:10     | Entered Level 10 of the Dungeon
  7171 | D:10     | Noticed Maurice
  7185 | D:10     | Killed Maurice
  7698 | D:9      | Reached skill level 8 in Armour
  7781 | D:10     | Found an opulent altar of Gozag.
  7874 | D:10     | Reached skill level 5 in Dodging
  7874 | D:10     | Reached XP level 11. HP: 93/95 MP: 11/11
  7951 | D:10     | Reached skill level 15 in Axes
  7967 | D:10     | Reached ***** piety under the Shining One
  8192 | D:11     | Reached skill level 9 in Fighting
  8203 | D:11     | Found a labyrinth entrance.
  8262 | Lab      | Entered a labyrinth
  8931 | Lab      | Noticed a minotaur
  8945 | Lab      | Killed a minotaur
  8945 | Lab      | Reached skill level 9 in Armour
  8947 | Lab      | Got a clouded brass ring
  8955 | Lab      | Identified the Almanac of Talismans
  8962 | Lab      | Got a pitted bone ring
  9003 | Lab      | Got a transparent shield
  9009 | Lab      | Identified the +0 shield "Widose Zulu" {+Blink rF++ rN+++ Int-5} (You found it in a labyrinth)
  9013 | Lab      | Identified the ring of Jawox {rElec Str+5 Int+2 Dex+4} (You took it off a minotaur in a labyrinth)
  9015 | Lab      | Identified the ring "Tedua" {Str+2 Dex+4} (You found it in a labyrinth)
  9021 | Lab      | Learned a level 2 spell: Repel Missiles
  9024 | Lab      | Learned a level 2 spell: Swiftness
  9068 | D:11     | Reached skill level 16 in Axes
  9317 | D:11     | Noticed a red ugly thing
  9327 | D:11     | Killed a red ugly thing
  9327 | D:11     | Reached skill level 6 in Dodging
  9327 | D:11     | Reached skill level 1 in Invocations
  9428 | D:11     | Found a radiant altar of Vehumet.
  9639 | D:12     | Found a staircase to the Orcish Mines.
  9642 | D:12     | Reached ****** piety under the Shining One
  9657 | D:12     | Reached skill level 2 in Invocations
  9685 | D:12     | Reached XP level 12. HP: 58/106 MP: 12/14
  9765 | D:12     | Reached skill level 3 in Invocations
 10056 | D:12     | Reached skill level 10 in Fighting
 10667 | D:12     | Noticed Harold
 10700 | D:12     | Killed Harold
 10700 | D:12     | Reached skill level 4 in Invocations
 10890 | D:12     | Noticed a six-headed hydra
 10901 | D:12     | Killed a nine-headed hydra
 10901 | D:12     | Reached skill level 17 in Axes
 11000 | D:12     | Found Gohou's Gadget Shoppe.
 11262 | D:13     | Found a shimmering altar of Xom.
 11288 | D:13     | Reached skill level 5 in Invocations
 11416 | D:13     | Noticed a centaur warrior
 11425 | D:13     | Killed a centaur warrior
 11568 | D:13     | Noticed a deep elf knight
 11583 | D:13     | Killed a deep elf knight
 11730 | D:13     | Noticed a centaur warrior
 11741 | D:13     | Killed a centaur warrior
 11741 | D:13     | Reached skill level 10 in Armour
 11741 | D:13     | Reached skill level 7 in Dodging
 11741 | D:13     | Reached skill level 6 in Invocations
 11811 | D:13     | Noticed Nessos
 11825 | D:13     | Was placed under penance by the Shining One
 11837 | D:13     | Killed Nessos
 11837 | D:13     | Reached XP level 13. HP: 107/115 MP: 17/17
 11928 | D:13     | Reached skill level 11 in Fighting
 12020 | D:13     | Reached skill level 18 in Axes
 12379 | D:13     | Reached skill level 7 in Invocations
 12718 | D:13     | Noticed Kirke
 12740 | D:13     | Killed Kirke
 12762 | D:13     | Noticed a fire giant
 13571 | D:13     | Killed a fire giant
 13742 | D:14     | Found Pulei's Distillery.
 13745 | D:14     | Bought a potion of curing for 42 gold pieces
 13788 | D:14     | Found Cemneun's Armour Shoppe.
 13881 | D:14     | Reached skill level 8 in Invocations
 13943 | D:14     | Found Deelatuxt's Book Shop.
 14357 | D:14     | Reached skill level 11 in Armour
 14401 | D:14     | Was forgiven by the Shining One
 14615 | D:14     | Reached skill level 8 in Dodging
 14617 | D:14     | Reached XP level 14. HP: 75/125 MP: 20/20
 14627 | D:14     | Killed from afar by a deep elf knight

Skill      XL: |  1  2  3  4  5  6  7  8  9 10 11 12 13 |
---------------+----------------------------------------+-----
Axes           | 3 4 5 6 8 10 12 13 14 16 17 18 | 18.9
Fighting       | 4 5 7 8 9 10 11 | 11.9
Dodging        | 1 2 3 5 6 7 8 |  8.0
Armour         | 5 6 8 9 10 11 | 11.1
Invocations    | 2 6 8 |  8.8
Shields        | |  3.2

Action                   |  1- 3 |  4- 6 |  7- 9 | 10-12 | 13-15 || total
-------------------------+-------+-------+-------+-------+-------++-------
Melee: War axe           |   111 |   118 |   443 |   619 |       ||  1291
       Battleaxe         |       |       |       |    99 |   247 ||   346
Throw: Tomahawk          |       |       |       |     2 |       ||     2
Invok: Renounce Religion |       |     1 |       |       |       ||     1
       Summon Divine War |       |       |       |     1 |       ||     1
 Abil: Evoke Berserk Rag |       |       |     6 |     2 |     3 ||    11
Evoke: Wand              |       |       |       |     1 |     2 ||     3
       Box of beasts     |       |       |       |       |     1 ||     1
  Use: Scroll            |     1 |       |     9 |     9 |     6 ||    25
       Potion            |       |       |       |     1 |     3 ||     4
 Stab: Paralysed         |       |       |       |     3 |       ||     3
  Eat: Chunk             |     1 |     4 |    11 |    43 |    22 ||    81
       Fruit             |       |       |     4 |       |       ||     4
       Beef jerky        |       |       |     1 |     1 |       ||     2
       Royal jelly       |       |       |       |     9 |       ||     9
       Pizza             |       |       |       |     2 |     1 ||     3
       Meat ration       |       |       |       |     1 |       ||     1
Armor: Scale mail        |    64 |     3 |       |       |       ||    67
       Chain mail        |       |    58 |   140 |       |       ||   198
       Plate armour      |       |       |    79 |   345 |   128 ||   552
       Skin              |       |       |       |    23 |       ||    23
Dodge: Dodged            |    33 |    37 |   110 |   186 |   142 ||   508
Block: Shield            |    55 |    57 |   152 |   249 |       ||   513
